 Dungeon Crawl Stone Soup version 0.29.1-15-g9cfb28693d (webtiles) character file.

Game seed: 15281803926348427430

9930 adizb the Pandemonic (level 11, -1/110 HPs)
             Began as a Troll Fighter on Apr 21, 2023.
             Was a High Priest of Makhleb.
             Slain by a yak (12 damage)
             ... on level 1 of the Lair of Beasts.
             The game lasted 00:35:11 (5638 turns).

adizb the Pandemonic (Troll Fighter)                Turns: 5638, Time: 00:35:12

Health: -1/110     AC:  8    Str: 29    XL:     11   Next: 29%
Magic:  16/16      EV: 13    Int:  8    God:    Makhleb [*****.]
Gold:   383        SH: 13    Dex:  8    Spells: 10/10 levels left

rFire   . . .      SeeInvis .     - Unarmed
rCold   + + .      Faith    .   b - +4 kite shield
rNeg    . . .      Spirit   .   t - +2 robe {rC+}
rPois   .          Reflect  .   G - +1 hat
rElec   .          Harm     .   e - +0 cloak
rCorr   .          Rampage  .   (gloves unavailable)
Will    .....      Clarity  +   (boots unavailable)
Stlth   +.........              k - amulet of regeneration
HPRegen 1.88/turn               j - ring of protection from cold
MPRegen 0.15/turn               C - +4 ring of evasion

@: about to teleport
A: large, unfitting armour, claws 3, regeneration 1, shaggy fur 1, tough skin 1,
clarity, clever 1
a: Renounce Religion, Minor Destruction, Lesser Servant of Makhleb, Major
Destruction, Greater Servant of Makhleb


You were on level 1 of the Lair of Beasts.
You worshipped Makhleb.
Makhleb was extremely pleased with you.
You visited 2 branches of the dungeon, and saw 9 of its levels.
You also visited: Sewer.

You collected 432 gold pieces.
You spent 49 gold pieces at shops.

Inventory:

Hand Weapons
 u - the +11 mace of Symmetry {vorpal, Stlth+}
   (You found it on level 5 of the Dungeon)

   It inflicts extra damage upon your enemies.
   Stlth:     It makes you more stealthy.
Missiles
 w - 3 silver boomerangs
Armour
 b - a +4 kite shield (worn)
 e - a +0 cloak (worn)
 t - a +2 robe of cold resistance (worn)
 v - +0 acid dragon scales
 y - the +2 robe "Qusit" {Int+2 Dex+4}
   (You found it on level 1 of the Lair of Beasts)

   Int:       It affects your intelligence (+2).
   Dex:       It affects your dexterity (+4).
 E - +0 steam dragon scales
 G - a +1 hat (worn)
Jewellery
 j - a ring of protection from cold (left claw)
 k - an amulet of regeneration (around neck)
 C - a +4 ring of evasion (right claw)
Wands
 a - a wand of flame (6)
 d - a wand of polymorph (4)
 r - a wand of acid (4)
 B - a wand of paralysis (9)
Scrolls
 f - a scroll of vulnerability {unknown}
 o - 2 scrolls of amnesia
 x - 4 scrolls of teleportation
 D - a scroll of enchant weapon
Potions
 c - a potion of might
 g - 3 potions of mutation
 h - 3 potions of degeneration {unknown}
 i - 2 potions of haste {unknown}
 l - a potion of experience {unknown}
 m - 10 potions of heal wounds
 n - 2 potions of cancellation
 p - 3 potions of lignification {unknown}
 q - 3 potions of resistance {unknown}
 s - 5 potions of curing
 z - a potion of magic {unknown}
 A - 3 potions of attraction {unknown}
 F - a potion of flight {unknown}


   Skills:
 + Level 7.7 Fighting
 + Level 3.8 Armour
 - Level 4.0 Dodging
 + Level 7.4 Shields
 + Level 8.3 Unarmed Combat
 * Level 8.5 Invocations


You had 10 spell levels left.
You didn't know any spells.
Your spell library contained the following spells:

 Spells                   Type           Power      Damage    Failure   Level
 Blink                    Tloc           0%         N/A       80%         2
 Sublimation of Blood     Necr           0%         N/A       80%         2
 Wereblood                Tmut           0%         N/A       80%         2
 Portal Projectile        Hex/Tloc       0%         N/A       95%         3
 Tukima's Dance           Hex            0%         N/A       95%         3
 Airstrike                Air            0%         2d(0-16)  100%        4
 Summon Lightning Spire   Summ/Air       0%         N/A       100%        4
 Alistair's Intoxication  Tmut/Pois      0%         N/A       100%        5
 Blade Hands              Tmut           0%         N/A       100%        5
 Borgnjor's Vile Clutch   Necr/Erth      0%         N/A       100%        5
 Lightning Bolt           Conj/Air       0%         1d11      100%        5
 Manifold Assault         Tloc           0%         N/A       100%        5
 Eringya's Noxious Bog    Tmut/Pois      0%         N/A       100%        6
 Storm Form               Tmut/Air       0%         N/A       100%        7
 Summon Hydra             Summ           0%         N/A       100%        7


Dungeon Overview and Level Annotations

Branches:
Dungeon (8/15)             Temple (0/1) D:5            Lair (1/5) D:8
  Sewer (visited)

Altars:
Elyvilon
Hepliaklqana
Kikubaaqudgha
Makhleb
Sif Muna
Vehumet
Wu Jian
Zin

Shops:
D:5 [   D:7 [


Innate Abilities, Weirdness & Mutations

You are too large for most types of armour.
You have claws for hands.
Your natural rate of healing is unusually fast.
You are covered in fur. (AC +1)
You have tough skin. (AC +1)
You possess an exceptional clarity of mind.
Your mind is acute. (Int +4, Str/Dex -1)


Message History

You claw the komodo dragon!
The komodo dragon is heavily wounded.
The komodo dragon bites you. The yak gores you but does no damage.
You mangle the komodo dragon!!
The komodo dragon is almost dead.
The komodo dragon bites you! You block the yak's attack.
You mangle the komodo dragon!!
You kill the komodo dragon!
Makhleb accepts your kill.
You feel better. The yak gores you!
You scratch the yak.
The yak is severely wounded.
The yak gores you!
* * * LOW HITPOINT WARNING * * *
The yak closely misses you.
You claw the yak!
You kill the yak!
Makhleb accepts your kill.
You feel better. You block the yak's attack.
You mangle the yak!!
The yak is heavily wounded.
The yak gores you!
* * * LOW HITPOINT WARNING * * *
You barely miss the yak.
The yak is heavily wounded.
The yak gores you!
* * * LOW HITPOINT WARNING * * *
You scratch the yak.
The yak is severely wounded.
You closely miss the yak.
The yak is severely wounded.
You claw the yak!
The yak is almost dead.
The yak gores you!
* * * LOW HITPOINT WARNING * * *
The yak gores you!
* * * LOW HITPOINT WARNING * * *
As you read the scroll of teleportation, it crumbles to dust.
You feel strangely unstable. The yak gores you!
You die...

#.... #.....
##....##...^#
).......#...
..........##
.##..#..#..P#
........#..####
...Y..YYYY.5..#
######Y#####5#
#Y@###5..##
#####..555##
#.......#
##..†..##
##.†.## ###.###
##5††# #....#
##### ##.###


You could see 5 yaks.

Vanquished Creatures
  2 cane toads (Lair:1)
  2 komodo dragons (Lair:1)
  17 yaks
  A basilisk (D:8)
  A steam dragon (D:7)
  2 acid dragons (D:8)
  5 water moccasins
  2 black bears
  An ice beast (D:6)
  A sky beast (D:8)
  2 ogres
  2 centaurs
  A kobold brigand (D:7)
  2 bullfrogs (D:7)
  2 necrophages
  4 scorpions
  A gnoll sergeant (D:5)
  4 wights
  6 howler monkeys
  10 jellies
  3 gnoll boudas
  2 orc priests
  4 hounds
  4 iguanas
  4 orc wizards
  A mummy (D:8)
  17 gnolls
  7 adders
  A river rat (Sewer)
  A shadow imp (D:5)
  An ufetubus (D:6)
  4 worms
  A dart slug (D:1)
  19 orcs
  11 ball pythons
  18 endoplasms
  5 giant cockroaches
  12 goblins
  3 hobgoblins
  7 jackals (D:5)
  11 kobolds
  6 quokkas
  8 bats
  2 frilled lizards
  A hobgoblin zombie (D:8)
  A kobold zombie (D:8)
  2 orc zombies (D:8)
  6 rats
230 creatures vanquished.

Vanquished Creatures (collateral kills)
  Gastronok (Lair:1)
  A two-headed ogre (D:8)
  A polar bear (Lair:1)
  A wyvern (D:8)
  A basilisk (D:8)
  An ogre (D:5)
  A kobold brigand (D:8)
  A bullfrog (D:8)
  5 wights
  A howler monkey (D:8)
  A gnoll (D:5)
  An orc (D:8)
  An endoplasm (D:4)
  7 kobolds
  5 bats (Lair:1)
29 creatures vanquished.

Vanquished Creatures (others)
  10 fungi
  21 plants
  11 toadstools (D:4)
42 creatures vanquished.

Grand Total: 301 creatures vanquished

Notes
Turn   | Place    | Note
-------+----------+-------------------------------------------
     0 | D:1      | adizb the Troll Fighter began the quest for the Orb.
     0 | D:1      | Reached XP level 1. HP: 22/22 MP: 0/0
    83 | D:1      | Reached XP level 2. HP: 24/29 MP: 1/1
   282 | D:1      | Found a faded altar of an unknown god.
   323 | D:1      | Prayed at the altar of an unknown god.
   323 | D:1      | Became a worshipper of Makhleb the Destroyer
   323 | D:1      | Reached * piety under Makhleb
   445 | D:1      | You fall into a shaft and drop 1 floor!
   632 | D:2      | Reached XP level 3. HP: 36/36 MP: 2/2
  1071 | D:3      | Reached ** piety under Makhleb
  1232 | D:3      | Reached XP level 4. HP: 45/45 MP: 3/3
  1421 | D:3      | Gained mutation: You possess an exceptional clarity of
                  | mind. [potion of mutation]
  1421 | D:3      | Gained mutation: Your mind is acute. (Int +4, Str/Dex -1)
                  | [potion of mutation]
  1423 | D:4      | Found a white marble altar of Elyvilon.
  1467 | D:4      | Noticed a scorpion
  1475 | D:4      | Killed a scorpion
  1476 | D:4      | Reached skill level 1 in Invocations
  1476 | D:4      | Reached XP level 5. HP: 42/53 MP: 4/4
  1506 | D:4      | Found a glowing drain.
  1527 | Sewer    | Entered a sewer
  1568 | Sewer    | Reached XP level 6. HP: 62/62 MP: 6/6
  1622 | Sewer    | Reached *** piety under Makhleb
  1655 | Sewer    | Found a shimmering altar of Xom.
  1830 | D:4      | Found an ancient bone altar of Kikubaaqudgha.
  1957 | D:4      | Found a hazy altar of Hepliaklqana.
  2032 | D:4      | Reached XP level 7. HP: 70/70 MP: 7/7
  2220 | D:4      | Found a radiant altar of Vehumet.
  2346 | D:5      | Entered Level 5 of the Dungeon
  2355 | D:5      | Found Laet Qeo's Armour Boutique.
  2362 | D:5      | Bought a +0 cloak for 49 gold pieces
  2412 | D:5      | Reached **** piety under Makhleb
  2449 | D:5      | Reached skill level 5 in Unarmed Combat
  2478 | D:5      | Found a staircase to the Ecumenical Temple.
  2575 | D:5      | Reached skill level 5 in Fighting
  2579 | D:5      | Reached XP level 8. HP: 80/80 MP: 9/9
  2746 | D:5      | Found an ornate altar of the Wu Jian Council.
  2827 | D:5      | Reached skill level 5 in Shields
  2862 | D:5      | Identified the +11 mace of Symmetry {vorpal, Stlth+}
  2919 | D:5      | Found a shimmering blue altar of Sif Muna.
  3330 | D:6      | Found a glowing silver altar of Zin.
  3374 | D:6      | Reached XP level 9. HP: 89/89 MP: 11/11
  3628 | D:6      | Reached skill level 5 in Invocations
  3861 | D:7      | Found Rinu Vuf's Armour Boutique.
  4486 | D:7      | Reached skill level 1 in Armour
  4689 | D:8      | Reached ***** piety under Makhleb
  4915 | D:8      | Reached XP level 10. HP: 99/100 MP: 13/13
  4945 | D:8      | Found a staircase to the Lair.
  5104 | D:8      | Noticed a two-headed ogre
  5110 | D:8      | Killed a two-headed ogre
  5340 | Lair:1   | Entered Level 1 of the Lair of Beasts
  5371 | Lair:1   | Identified the +2 robe "Qusit" {Int+2 Dex+4}
  5404 | Lair:1   | Noticed a cane toad
  5411 | Lair:1   | Killed a cane toad
  5518 | Lair:1   | Noticed Gastronok
  5530 | Lair:1   | Killed Gastronok
  5531 | Lair:1   | Reached XP level 11. HP: 107/109 MP: 14/16
  5638 | Lair:1   | Slain by a yak

Illustrated notes

Levels and vault maps discovered:
D:1:      dpeg_arrival_subterranean_lakeside_camping, layout_loops_ring,
          shapermc_ecumenical_altar_ellora, minmay_crystal_water,
          minmay_misc_feat_plants, chequers_mini_garden
D:2:      layout_loops_ring
D:3:      layout_rooms
D:4:      cheibrodos_fertilizer, layout_basic, nzn_hepliaklqana_mist_gate,
          old_standard_altar, mainiacjoe_overflow_small_starburst,
          general_overflow_altar, cheibrodos_sewer_entry_drain
D:5:      minmay_general_purpose_star, layout_cave_pools,
          overflow_temple_1_default, nicolae_sif_muna_little_library,
          minmay_temple_entry_waves, serial_gnoll_camp,
          gnoll_camp_mini_doghouse, gnoll_camp_mini_loothouse,
          gnoll_camp_mini_hut, gnoll_camp_mini_shop, nicolae_grassy_gnolls
D:6:      layout_basic, zin_scriptorium
D:7:      layout_loops_cross, serial_shops, nicolae_stop_n_shop_1,
          abandoned_shop, minivault_10
D:8:      layout_loops_ring, minmay_lair_entry_grove, minmay_mini_ossuary
Lair:1:   layout_loops_ring, roderic_batcave, uniq_gastronok

Skill      XL: |  1  2  3  4  5  6  7  8  9 10 |
---------------+-------------------------------+-----
Shields        | 3 4 5 6 7 |  7.4
Unarmed Combat | 3 4 5 6 7 8 |  8.3
Fighting       | 3 4 5 6 7 |  7.7
Invocations    | 1 2 3 4 6 8 |  8.5
Armour         | 1 3 |  3.8
Dodging        | 3 4 |  4.0

Action                   |  1- 3 |  4- 6 |  7- 9 | 10-12 || total
-------------------------+-------+-------+-------+-------++-------
Melee: Unarmed           |   104 |    77 |   262 |   132 ||   575
Invok: Minor Destruction |     1 |    70 |    91 |    36 ||   198
       Lesser Servant of |       |       |     6 |     2 ||     8
  Use: Scroll            |     1 |     5 |    13 |     1 ||    20
       Potion            |       |     1 |       |       ||     1
 Stab: Distracted        |       |       |     3 |       ||     3
Armor: Robe              |    27 |    13 |   102 |    20 ||   162
Dodge: Dodged            |    30 |    18 |   107 |    58 ||   213
Block: Kite shield       |    40 |    22 |   135 |    88 ||   285
